Penguins vs Devils

Created - 7 octobre 2020 at 20:58

Simulating a Pre-Season

Goals
1 2 3 T
Penguins 0 1 0 1
Devils 0 1 1 2
Shots
1 2 3 T
Penguins 11 5 14 30
Devils 9 9 9 27

1st period

No Goal

Penalties :
Mark Giordano (PIT) for Hooking (Minor) at 8:55, Mikhail Sergachev (NJD) for Delaying the game (Minor) at 12:45, Adrian Kempe (PIT) for Boarding (Minor) at 17:27

2nd period

1. Penguins , Drew Doughty 2 (Shea Weber 4, Max Domi 2) at 2:44 (PP)
2. Devils , Pavel Zacha 3 (Justin Schultz 2, Mikhail Sergachev 4) at 15:49

Penalties :
Chris Kreider (NJD) for Interference (Minor) at 1:51, Jordie Benn (NJD) for Holding (Minor) at 7:11, Mike Hoffman (NJD) for Holding (Minor) at 18:35, Drew Doughty (PIT) for Hooking (Minor) at 18:35

3rd period

3. Devils , Damon Severson 1 (Chris Kreider 3, Nicklas Backstrom 6) at 6:03

Penalties :
Shea Weber (PIT) for Hooking (Minor) at 7:46, Marcus Pettersson (PIT) for Tripping (Minor) at 16:46

Goalie Stats

Connor Hellebuyck (PIT), 25 saves from 27 shots - (0,926), L, 2-1-1, 59:46 minutes
Marc-Andre Fleury (NJD), 29 saves from 30 shots - (0,967), W, 3-0-0, 60:00 minutes

Players Stats for Penguins

Player Name              G  A  P  +/- PIM S  H  SB GA TA FO     MP     PP MP  PK MP  
------------------------------------------------------------------------------------
Adrian Kempe             0  0  0  -1  2   2  1  0  0  0  9/28   19:01   3:18   1:50 
Aleksi Saarela           0  0  0   0  0   0  3  0  0  0  7/10    7:22   0:00   0:00 
Alexander Nylander       0  0  0  -1  0   2  0  0  0  0  2/2    11:23   0:00   1:28 
Brent Seabrook           0  0  0   0  0   2  2  0  0  0  0/0    21:19   1:42   1:00 
Cedric Paquette          0  0  0  -1  0   1  1  1  0  0  2/2    17:12   3:18   0:00 
Clayton Keller           0  0  0  -1  0   2  0  0  0  0  8/17   10:53   0:00   0:00 
David Perron             0  0  0   0  0   3  0  0  0  0  1/7    18:13   1:33   2:37 
Drew Doughty             1  0  1  -1  2   6  2  1  0  0  0/0    27:05   1:33   5:18 
Filip Hronek             0  0  0   0  0   0  1  2  0  0  0/0     3:32   0:00   0:14 
Julien Gauthier          0  0  0   0  0   1  1  0  0  0  0/1     7:22   0:00   0:00 
Marcus Pettersson        0  0  0  -1  2   0  3  1  0  0  0/0    19:00   1:36   2:55 
Mark Giordano            0  0  0  -1  2   2  2  0  0  0  0/0    24:23   3:18   3:31 
Martin Frk               0  0  0   0  0   1  0  0  0  0  0/0     7:22   0:00   0:00 
Max Domi                 0  1  1   0  0   0  0  0  0  0  1/2    21:51   1:33   5:14 
Oliver Bjorkstrand       0  0  0  -1  0   3  0  0  0  0  1/1    17:12   3:18   0:00 
Oskar Lindblom           0  0  0  -1  0   1  2  0  0  0  0/0    10:53   0:00   0:00 
Pierre-Luc Dubois        0  0  0   0  0   3  2  1  0  0  12/23  21:20   1:33   4:43 
Shea Weber               0  1  1  -1  2   1  0  1  0  0  0/0    24:37   1:33   2:54 

Players Stats for Devils

Player Name              G  A  P  +/- PIM S  H  SB GA TA FO     MP     PP MP  PK MP  
------------------------------------------------------------------------------------
Brian Boyle              0  0  0   0  0   0  0  0  0  0  6/10    8:38   0:00   1:59 
Chris Kreider            0  1  1   1  2   6  1  0  0  0  1/1    18:58   4:20   0:07 
Damon Severson           1  0  1   1  0   4  1  3  0  0  0/0    24:39   4:22   2:47 
Jordie Benn              0  0  0   0  2   0  1  0  0  0  0/0    16:18   0:00   0:51 
Josh Bailey              0  0  0   1  0   1  0  0  0  0  0/2    19:50   3:34   1:10 
Justin Schultz           0  1  1   1  0   1  0  2  0  0  0/0    18:23   0:00   3:11 
Mathieu Joseph           0  0  0   0  0   1  0  0  0  0  0/1     6:13   0:00   0:00 
Mike Hoffman             0  0  0   0  2   2  0  0  0  0  1/2    16:48   3:36   0:00 
Mikhail Sergachev        0  1  1   1  2   1  1  3  0  0  0/0    19:59   3:34   0:49 
Nathan Beaulieu          0  0  0   1  0   1  2  1  0  0  0/0    16:19   0:00   0:11 
Nicklas Backstrom        0  1  1   1  0   3  0  0  0  0  14/25  19:19   4:20   0:00 
Niklas Hjalmarsson       0  0  0   0  0   0  0  1  0  0  0/0    16:24   0:00   1:53 
Pavel Zacha              1  0  1   1  0   2  0  0  0  0  6/7    19:50   3:36   3:34 
Rocco Grimaldi           0  0  0   0  0   0  0  0  0  0  1/1     6:13   0:00   0:00 
Sam Reinhart             0  0  0   0  0   1  1  0  0  0  8/16   17:33   4:20   0:00 
T.J. Oshie               0  0  0   1  0   1  0  0  0  0  0/0    15:59   4:22   0:00 
Travis Konecny           0  0  0   0  0   3  1  0  0  0  1/3    16:49   3:36   0:00 
Tyler Bozak              0  0  0   1  0   0  1  2  0  0  12/25  14:54   0:00   2:52 

3 Stars

1 - Marc-Andre Fleury (NJD)
2 - Damon Severson (NJD)
3 - Pavel Zacha (NJD)

Power Play

Penguins - 1 on 3 Attempt(s) - 33,33%
Devils - 0 on 4 Attempt(s) - 0,00%

Penalty Kill

Penguins - 4 on 4 Attempt(s) - 100,00% - Score 0 goal in Penalty Kill
Devils - 2 on 3 Attempt(s) - 66,67% - Score 0 goal in Penalty Kill

Team Stat

Penguins - Hits : 20 - Faceoff Wins : 43 - Blocked Shots : 7 - Penalty Minutes : 10
Devils - Hits : 9 - Faceoff Wins : 50 - Blocked Shots : 12 - Penalty Minutes : 8

Official

Referees : Kenny Anderson and Troy Paterson
Linesman : Andrew Smith and Brent Colby

Game Notes

Filip Hronek is injured at 10:42 of 1st period (Strained Left Knee)

% Time on Ice - Penguins

Lines # - Real PCT - Wanted PCT - Time Play
Normal Forward
1 - 31% - 35% - 13:46
2 - 31% - 32% - 13:54
3 - 22% - 23% - 9:55
4 - 16% - 10% - 7:22
Normal Defense
1 - 39% - 40% - 17:40
2 - 38% - 30% - 17:07
3 - 20% - 20% - 9:12
4 - 2% - 10% - 0:58
PP Forward
1 - 32% - 60% - 1:33
2 - 68% - 40% - 3:18
PP Defense
1 - 32% - 60% - 1:33
2 - 68% - 40% - 3:18
PK Forward
1 - 67% - 60% - 5:19
2 - 33% - 40% - 2:37
PK Defense
1 - 51% - 60% - 4:01
2 - 49% - 40% - 3:55
PK3 Forward
1 - 0% - 60%
2 - 0% - 40%
PK3 Defense
1 - 0% - 60%
2 - 0% - 40%
44 Forward
1 - 100% - 60% - 1:59
2 - 0% - 40% - 0:00
44 Defense
1 - 29% - 60% - 0:35
2 - 71% - 40% - 1:24
Last Minute Offensive  - 0:17
Last Minute Defensive  - 0:00
Total
Forward - 60:00
Defense - 60:00

% Time on Ice - Devils

Lines # - Real PCT - Wanted PCT - Time Play
Normal Forward
1 - 31% - 33% - 13:46
2 - 29% - 32% - 13:13
3 - 26% - 30% - 11:37
4 - 14% - 5% - 6:13
Normal Defense
1 - 33% - 32% - 14:47
2 - 33% - 32% - 14:34
3 - 32% - 31% - 14:31
4 - 2% - 5% - 0:57
PP Forward
1 - 55% - 60% - 4:20
2 - 45% - 40% - 3:36
PP Defense
1 - 55% - 60% - 4:22
2 - 45% - 40% - 3:34
PK Forward
1 - 76% - 60% - 3:41
2 - 24% - 40% - 1:10
PK Defense
1 - 43% - 60% - 2:04
2 - 57% - 40% - 2:47
PK3 Forward
1 - 0% - 60%
2 - 0% - 40%
PK3 Defense
1 - 0% - 60%
2 - 0% - 40%
44 Forward
1 - 100% - 60% - 1:59
2 - 0% - 40% - 0:00
44 Defense
1 - 68% - 60% - 1:21
2 - 32% - 40% - 0:38
Last Minute Offensive  - 0:00
Last Minute Defensive  - 0:25
Total
Forward - 60:00
Defense - 60:00

Play-by-Play

1st period


0:01 of 1st period - Pierre-Luc Dubois wins face-off versus Nicklas Backstrom in neutral zone.
0:06 of 1st period - Shot by David Perron.
0:06 of 1st period - Shot Blocked by Damon Severson.
0:30 of 1st period - Shot by Pierre-Luc Dubois.
0:30 of 1st period - Shot Misses the Net.
0:34 of 1st period - Shot by David Perron.
0:34 of 1st period - Shot Blocked by Nathan Beaulieu.
0:36 of 1st period - Shot by Drew Doughty.
0:36 of 1st period - Stopped by Marc-Andre Fleury without a rebound.
0:37 of 1st period - Sam Reinhart wins face-off versus Adrian Kempe in Devils zone.
1:03 of 1st period - Shot by Oliver Bjorkstrand.
1:03 of 1st period - Shot Misses the Net.
1:57 of 1st period - Shot by Clayton Keller.
1:57 of 1st period - Shot Misses the Net.
1:59 of 1st period - Shot by Alexander Nylander.
1:59 of 1st period - Shot Misses the Net.
2:01 of 1st period - Shot by Brent Seabrook.
2:01 of 1st period - Stopped by Marc-Andre Fleury without a rebound.
2:02 of 1st period - Aleksi Saarela wins face-off versus Tyler Bozak in Devils zone.
2:35 of 1st period - Drew Doughty is hit by Tyler Bozak and loses puck.
2:54 of 1st period - Damon Severson is hit by Aleksi Saarela and loses puck.
3:23 of 1st period - Shot by Mark Giordano.
3:23 of 1st period - Stopped by Marc-Andre Fleury without a rebound.
3:24 of 1st period - Brian Boyle wins face-off versus Adrian Kempe in Devils zone.
3:31 of 1st period - Icing by Mathieu Joseph.
3:32 of 1st period - Adrian Kempe wins face-off versus Brian Boyle in Devils zone.
3:50 of 1st period - Shot by Adrian Kempe.
3:50 of 1st period - Stopped by Marc-Andre Fleury without a rebound.
3:51 of 1st period - Pierre-Luc Dubois wins face-off versus Pavel Zacha in Devils zone.
3:59 of 1st period - Pierre-Luc Dubois is hit by Nathan Beaulieu and loses puck.
4:28 of 1st period - Shot by Pierre-Luc Dubois.
4:28 of 1st period - Stopped by Marc-Andre Fleury without a rebound.
4:29 of 1st period - Nicklas Backstrom wins face-off versus Clayton Keller in Devils zone.
4:31 of 1st period - Icing by Josh Bailey.
4:32 of 1st period - Nicklas Backstrom wins face-off versus Clayton Keller in Devils zone.
4:32 of 1st period - Nicklas Backstrom is hit by Oskar Lindblom.
4:35 of 1st period - Icing by Chris Kreider.
4:36 of 1st period - Clayton Keller wins face-off versus Josh Bailey in Devils zone.
4:43 of 1st period - Shot by Oskar Lindblom.
4:43 of 1st period - Shot Blocked by Mikhail Sergachev.
4:45 of 1st period - Shot by Alexander Nylander.
4:45 of 1st period - Stopped by Marc-Andre Fleury with a rebound.
4:47 of 1st period - Shot by Mark Giordano.
4:47 of 1st period - Shot Misses the Net.
5:04 of 1st period - Off-side.
5:05 of 1st period - Adrian Kempe wins face-off versus Sam Reinhart in neutral zone.
5:34 of 1st period - Shot by Mike Hoffman.
5:34 of 1st period - Stopped by Connor Hellebuyck without a rebound.
5:35 of 1st period - Pierre-Luc Dubois wins face-off versus Tyler Bozak in Penguins zone.
6:11 of 1st period - T.J. Oshie is hit by Marcus Pettersson and loses puck.
6:32 of 1st period - Off-side.
6:33 of 1st period - Adrian Kempe wins face-off versus Sam Reinhart in neutral zone.
6:37 of 1st period - Off-side.
6:38 of 1st period - Adrian Kempe wins face-off versus Sam Reinhart in neutral zone.
6:47 of 1st period - Shot by Oliver Bjorkstrand.
6:47 of 1st period - Stopped by Marc-Andre Fleury with a rebound.
7:16 of 1st period - Shot by Oliver Bjorkstrand.
7:16 of 1st period - Shot Misses the Net.
7:36 of 1st period - Shot by Oskar Lindblom.
7:36 of 1st period - Shot Misses the Net.
7:38 of 1st period - Shot by Alexander Nylander.
7:38 of 1st period - Stopped by Marc-Andre Fleury without a rebound.
7:39 of 1st period - Aleksi Saarela wins face-off versus Nicklas Backstrom in Devils zone.
7:55 of 1st period - Mikhail Sergachev is hit by Filip Hronek and loses puck.
8:54 of 1st period - Shot by Pavel Zacha.
8:54 of 1st period - Shot Misses the Net.
8:55 of 1st period - Minor Penalty to Mark Giordano for Hooking.
8:56 of 1st period - Nicklas Backstrom wins face-off versus Pierre-Luc Dubois in Penguins zone.
9:07 of 1st period - Shot by Damon Severson.
9:07 of 1st period - Stopped by Connor Hellebuyck without a rebound.
9:08 of 1st period - Pavel Zacha wins face-off versus Pierre-Luc Dubois in Penguins zone.
9:40 of 1st period - Icing by Pavel Zacha.
9:41 of 1st period - Pavel Zacha wins face-off versus Pierre-Luc Dubois in Devils zone.
9:41 of 1st period - Pavel Zacha is hit by Pierre-Luc Dubois.
9:50 of 1st period - Shot by Josh Bailey.
9:50 of 1st period - Shot Hit the Post.
10:28 of 1st period - Shot by Chris Kreider.
10:28 of 1st period - Stopped by Connor Hellebuyck without a rebound.
10:29 of 1st period - Mike Hoffman wins face-off versus David Perron in Penguins zone.
10:32 of 1st period - Shot by Pavel Zacha.
10:32 of 1st period - Stopped by Connor Hellebuyck without a rebound.
10:33 of 1st period - Nicklas Backstrom wins face-off versus David Perron in Penguins zone.
10:40 of 1st period - Shot by Chris Kreider.
10:40 of 1st period - Shot Blocked by Filip Hronek.
10:42 of 1st period - Shot by Sam Reinhart.
10:42 of 1st period - Deflect By Chris Kreider.
10:42 of 1st period - Shot Blocked by Filip Hronek.
10:42 of 1st period - Filip Hronek from Penguins is injured at 10:42 of 1st period (Strained Left Knee).
10:43 of 1st period - Travis Konecny wins face-off versus David Perron in Penguins zone.
11:08 of 1st period - Off-side.
11:09 of 1st period - Nicklas Backstrom wins face-off versus Adrian Kempe in neutral zone.
11:18 of 1st period - Shot by Josh Bailey.
11:18 of 1st period - Stopped by Connor Hellebuyck without a rebound.
11:19 of 1st period - Clayton Keller wins face-off versus Tyler Bozak in Penguins zone.
11:48 of 1st period - Shot by T.J. Oshie.
11:48 of 1st period - Shot Blocked by Shea Weber.
11:50 of 1st period - Shot by Tyler Bozak.
11:50 of 1st period - Shot Misses the Net.
12:30 of 1st period - Shot by Josh Bailey.
12:30 of 1st period - Shot Misses the Net.
12:45 of 1st period - Minor Penalty to Mikhail Sergachev for Delaying the game.
12:46 of 1st period - Cedric Paquette wins face-off versus Tyler Bozak in Devils zone.
13:06 of 1st period - Icing by Mark Giordano.
13:07 of 1st period - Tyler Bozak wins face-off versus Adrian Kempe in Penguins zone.
13:24 of 1st period - Shot by Cedric Paquette.
13:24 of 1st period - Deflect By Adrian Kempe.
13:24 of 1st period - Stopped by Marc-Andre Fleury with a rebound.
13:44 of 1st period - Icing by Cedric Paquette.
13:45 of 1st period - Tyler Bozak wins face-off versus Adrian Kempe in Penguins zone.
14:05 of 1st period - Icing by Mark Giordano.
14:06 of 1st period - Brian Boyle wins face-off versus Adrian Kempe in Penguins zone.
14:35 of 1st period - Shot by David Perron.
14:35 of 1st period - Shot Misses the Net.
14:41 of 1st period - Shot by Shea Weber.
14:41 of 1st period - Shot Misses the Net.
14:43 of 1st period - Shot by Drew Doughty.
14:43 of 1st period - Stopped by Marc-Andre Fleury without a rebound.
14:44 of 1st period - Pierre-Luc Dubois wins face-off versus Tyler Bozak in Devils zone.
16:03 of 1st period - Icing by Mark Giordano.
16:04 of 1st period - Brian Boyle wins face-off versus Pierre-Luc Dubois in Penguins zone.
16:49 of 1st period - Icing by Drew Doughty.
16:50 of 1st period - Aleksi Saarela wins face-off versus Travis Konecny in Penguins zone.
16:50 of 1st period - Aleksi Saarela is hit by Travis Konecny.
17:09 of 1st period - Shot by Mike Hoffman.
17:09 of 1st period - Stopped by Connor Hellebuyck without a rebound.
17:10 of 1st period - Tyler Bozak wins face-off versus Adrian Kempe in Penguins zone.
17:23 of 1st period - Pavel Zacha is hit by Adrian Kempe and loses puck.
17:27 of 1st period - Minor Penalty to Adrian Kempe for Boarding.
17:28 of 1st period - Pierre-Luc Dubois wins face-off versus Nicklas Backstrom in Penguins zone.
17:45 of 1st period - Shot by Sam Reinhart.
17:45 of 1st period - Deflect By Chris Kreider.
17:45 of 1st period - Stopped by Connor Hellebuyck with a rebound.
18:03 of 1st period - Shot by Nicklas Backstrom.
18:03 of 1st period - Stopped by Connor Hellebuyck without a rebound.
18:04 of 1st period - Pavel Zacha wins face-off versus David Perron in Penguins zone.
18:05 of 1st period - Shot by Travis Konecny.
18:05 of 1st period - Stopped by Connor Hellebuyck without a rebound.
18:06 of 1st period - Pavel Zacha wins face-off versus Pierre-Luc Dubois in Penguins zone.
18:35 of 1st period - Shot by T.J. Oshie.
18:35 of 1st period - Shot Blocked by Marcus Pettersson.
19:36 of 1st period - Shot by Rocco Grimaldi.
19:36 of 1st period - Shot Misses the Net.
19:41 of 1st period - Icing by Cedric Paquette.
19:42 of 1st period - Adrian Kempe wins face-off versus Mathieu Joseph in Penguins zone.
19:58 of 1st period - Shot by Adrian Kempe.
19:58 of 1st period - Deflect By Oliver Bjorkstrand.
19:58 of 1st period - Stopped by Marc-Andre Fleury without a rebound.
19:59 of 1st period - Aleksi Saarela wins face-off versus Tyler Bozak in Devils zone.
Goals for this period are 0 for Penguins vs 0 for Devils.
Shots for this period are 11 for Penguins vs 9 for Devils.

2nd period


0:01 of 2nd period - Pierre-Luc Dubois wins face-off versus Travis Konecny in neutral zone.
0:20 of 2nd period - Shot by Travis Konecny.
0:20 of 2nd period - Stopped by Connor Hellebuyck without a rebound.
0:21 of 2nd period - Nicklas Backstrom wins face-off versus Adrian Kempe in Penguins zone.
1:44 of 2nd period - Icing by Jordie Benn.
1:45 of 2nd period - Nicklas Backstrom wins face-off versus Clayton Keller in Devils zone.
1:51 of 2nd period - Minor Penalty to Chris Kreider for Interference.
1:52 of 2nd period - Adrian Kempe wins face-off versus Tyler Bozak in Devils zone.
1:55 of 2nd period - Shot by Adrian Kempe.
1:55 of 2nd period - Shot Blocked by Tyler Bozak.
2:24 of 2nd period - Icing by Mark Giordano.
2:25 of 2nd period - Adrian Kempe wins face-off versus Tyler Bozak in Penguins zone.
2:44 of 2nd period - Shot by Drew Doughty.
2:44 of 2nd period - Goal by Drew Doughty - Penguins : 1 - Devils : 0.
2:45 of 2nd period - Clayton Keller wins face-off versus Sam Reinhart in neutral zone.
3:08 of 2nd period - Shot by Travis Konecny.
3:08 of 2nd period - Shot Misses the Net.
4:00 of 2nd period - Justin Schultz is hit by Mark Giordano and loses puck.
4:17 of 2nd period - Shot by David Perron.
4:17 of 2nd period - Shot Misses the Net.
4:21 of 2nd period - Shot by David Perron.
4:21 of 2nd period - Stopped by Marc-Andre Fleury without a rebound.
4:22 of 2nd period - Tyler Bozak wins face-off versus Adrian Kempe in Devils zone.
4:22 of 2nd period - Tyler Bozak is hit by Cedric Paquette.
5:07 of 2nd period - Icing by Niklas Hjalmarsson.
5:08 of 2nd period - Tyler Bozak wins face-off versus Aleksi Saarela in Devils zone.
5:08 of 2nd period - Tyler Bozak is hit by Aleksi Saarela.
5:32 of 2nd period - Shot by Mike Hoffman.
5:32 of 2nd period - Shot Misses the Net.
5:42 of 2nd period - Damon Severson is hit by Aleksi Saarela and loses puck.
6:41 of 2nd period - Shot by Nicklas Backstrom.
6:41 of 2nd period - Stopped by Connor Hellebuyck without a rebound.
6:42 of 2nd period - Cedric Paquette wins face-off versus Brian Boyle in Penguins zone.
7:05 of 2nd period - Cedric Paquette is hit by Jordie Benn and loses puck.
7:11 of 2nd period - Minor Penalty to Jordie Benn for Holding.
7:12 of 2nd period - Tyler Bozak wins face-off versus Pierre-Luc Dubois in Devils zone.
7:32 of 2nd period - Shot by Drew Doughty.
7:32 of 2nd period - Shot Blocked by Justin Schultz.
7:34 of 2nd period - Shot by Drew Doughty.
7:34 of 2nd period - Shot Misses the Net.
7:53 of 2nd period - Icing by Mark Giordano.
7:54 of 2nd period - Brian Boyle wins face-off versus Adrian Kempe in Penguins zone.
9:19 of 2nd period - Shot by Clayton Keller.
9:19 of 2nd period - Stopped by Marc-Andre Fleury without a rebound.
9:20 of 2nd period - Sam Reinhart wins face-off versus Aleksi Saarela in Devils zone.
9:20 of 2nd period - Sam Reinhart is hit by Julien Gauthier.
9:32 of 2nd period - Shot by Mike Hoffman.
9:32 of 2nd period - Shot Misses the Net.
10:35 of 2nd period - Shot by Chris Kreider.
10:35 of 2nd period - Stopped by Connor Hellebuyck without a rebound.
10:36 of 2nd period - Tyler Bozak wins face-off versus Pierre-Luc Dubois in Penguins zone.
11:46 of 2nd period - Shot by Chris Kreider.
11:46 of 2nd period - Stopped by Connor Hellebuyck without a rebound.
11:47 of 2nd period - Rocco Grimaldi wins face-off versus Clayton Keller in Penguins zone.
11:47 of 2nd period - Justin Schultz is hit by Drew Doughty and loses puck.
12:04 of 2nd period - Shot by Justin Schultz.
12:04 of 2nd period - Stopped by Connor Hellebuyck with a rebound.
12:06 of 2nd period - Shot by Mathieu Joseph.
12:06 of 2nd period - Stopped by Connor Hellebuyck without a rebound.
12:07 of 2nd period - Nicklas Backstrom wins face-off versus Adrian Kempe in Penguins zone.
12:10 of 2nd period - Shot by Chris Kreider.
12:10 of 2nd period - Shot Misses the Net.
12:12 of 2nd period - Shot by Josh Bailey.
12:12 of 2nd period - Shot Misses the Net.
12:19 of 2nd period - Icing by Shea Weber.
12:20 of 2nd period - Sam Reinhart wins face-off versus Adrian Kempe in Penguins zone.
12:21 of 2nd period - Shot by Travis Konecny.
12:21 of 2nd period - Deflect By Sam Reinhart.
12:21 of 2nd period - Stopped by Connor Hellebuyck without a rebound.
12:22 of 2nd period - Tyler Bozak wins face-off versus Adrian Kempe in Penguins zone.
12:35 of 2nd period - Shot by Tyler Bozak.
12:35 of 2nd period - Shot Blocked by Cedric Paquette.
13:37 of 2nd period - Icing by Shea Weber.
13:38 of 2nd period - Sam Reinhart wins face-off versus David Perron in Penguins zone.
13:41 of 2nd period - Shot by Travis Konecny.
13:41 of 2nd period - Shot Misses the Net.
14:02 of 2nd period - Shot by Travis Konecny.
14:02 of 2nd period - Shot Blocked by Pierre-Luc Dubois.
14:40 of 2nd period - Icing by Damon Severson.
14:41 of 2nd period - Nicklas Backstrom wins face-off versus Clayton Keller in Devils zone.
14:53 of 2nd period - Chris Kreider is hit by Brent Seabrook and loses puck.
15:04 of 2nd period - Shot by Oskar Lindblom.
15:04 of 2nd period - Deflect By Clayton Keller.
15:04 of 2nd period - Shot Blocked by Damon Severson.
15:11 of 2nd period - Off-side.
15:12 of 2nd period - Adrian Kempe wins face-off versus Tyler Bozak in neutral zone.
15:17 of 2nd period - Shot by Oliver Bjorkstrand.
15:17 of 2nd period - Shot Blocked by Tyler Bozak.
15:26 of 2nd period - T.J. Oshie is hit by Marcus Pettersson and loses puck.
15:36 of 2nd period - T.J. Oshie is hit by Mark Giordano and loses puck.
15:40 of 2nd period - Tyler Bozak is hit by Marcus Pettersson and loses puck.
15:47 of 2nd period - Shot by Justin Schultz.
15:47 of 2nd period - Shot Misses the Net.
15:49 of 2nd period - Shot by Pavel Zacha.
15:49 of 2nd period - Goal by Pavel Zacha - Penguins : 1 - Devils : 1.
15:50 of 2nd period - Aleksi Saarela wins face-off versus Mike Hoffman in neutral zone.
16:02 of 2nd period - Shot by Sam Reinhart.
16:02 of 2nd period - Shot Misses the Net.
16:24 of 2nd period - Shot by Drew Doughty.
16:24 of 2nd period - Stopped by Marc-Andre Fleury without a rebound.
16:25 of 2nd period - Pierre-Luc Dubois wins face-off versus Nicklas Backstrom in Devils zone.
16:26 of 2nd period - Shot by Max Domi.
16:26 of 2nd period - Deflect By David Perron.
16:26 of 2nd period - Stopped by Marc-Andre Fleury without a rebound.
16:27 of 2nd period - Tyler Bozak wins face-off versus Pierre-Luc Dubois in Devils zone.
16:27 of 2nd period - Tyler Bozak is hit by Pierre-Luc Dubois.
17:08 of 2nd period - Pavel Zacha is hit by Brent Seabrook.
17:32 of 2nd period - Shot by Nicklas Backstrom.
17:32 of 2nd period - Shot Misses the Net.
18:21 of 2nd period - Mike Hoffman is hit by Drew Doughty and loses puck.
18:35 of 2nd period - Minor Penalty to Mike Hoffman for Holding.
18:35 of 2nd period - Minor Penalty to Drew Doughty for Hooking.
18:36 of 2nd period - Clayton Keller wins face-off versus Nicklas Backstrom in Penguins zone.
19:33 of 2nd period - Shot by Chris Kreider.
19:33 of 2nd period - Stopped by Connor Hellebuyck without a rebound.
19:34 of 2nd period - Pierre-Luc Dubois wins face-off versus Brian Boyle in Penguins zone.
19:43 of 2nd period - Shot by Max Domi.
19:43 of 2nd period - Shot Blocked by Damon Severson.
Goals for this period are 1 for Penguins vs 1 for Devils.
Shots for this period are 5 for Penguins vs 9 for Devils.

3rd period


0:01 of 3rd period - Nicklas Backstrom wins face-off versus Pierre-Luc Dubois in neutral zone.
0:39 of 3rd period - Shot by Oliver Bjorkstrand.
0:39 of 3rd period - Shot Misses the Net.
0:41 of 3rd period - Shot by Adrian Kempe.
0:41 of 3rd period - Shot Blocked by Mikhail Sergachev.
0:43 of 3rd period - Shot by Oliver Bjorkstrand.
0:43 of 3rd period - Shot Hit the Post.
0:45 of 3rd period - Shot by Cedric Paquette.
0:45 of 3rd period - Stopped by Marc-Andre Fleury without a rebound.
0:46 of 3rd period - Sam Reinhart wins face-off versus Clayton Keller in Devils zone.
1:04 of 3rd period - Shot by Oskar Lindblom.
1:04 of 3rd period - Stopped by Marc-Andre Fleury without a rebound.
1:05 of 3rd period - Tyler Bozak wins face-off versus Adrian Kempe in Devils zone.
1:17 of 3rd period - Adrian Kempe is hit by Mikhail Sergachev and loses puck.
1:32 of 3rd period - Shot by Adrian Kempe.
1:32 of 3rd period - Shot Blocked by Mikhail Sergachev.
2:20 of 3rd period - Shot by Pierre-Luc Dubois.
2:20 of 3rd period - Stopped by Marc-Andre Fleury without a rebound.
2:21 of 3rd period - Alexander Nylander wins face-off versus Josh Bailey in Devils zone.
2:26 of 3rd period - Shot by Clayton Keller.
2:26 of 3rd period - Stopped by Marc-Andre Fleury without a rebound.
2:27 of 3rd period - Clayton Keller wins face-off versus Nicklas Backstrom in Devils zone.
2:34 of 3rd period - Shot by Alexander Nylander.
2:34 of 3rd period - Shot Misses the Net.
2:36 of 3rd period - Shot by Clayton Keller.
2:36 of 3rd period - Shot Misses the Net.
2:41 of 3rd period - Alexander Nylander is hit by Damon Severson and loses puck.
2:47 of 3rd period - Icing by Damon Severson.
2:48 of 3rd period - Pierre-Luc Dubois wins face-off versus Nicklas Backstrom in Devils zone.
3:14 of 3rd period - Shot by Shea Weber.
3:14 of 3rd period - Stopped by Marc-Andre Fleury without a rebound.
3:15 of 3rd period - Sam Reinhart wins face-off versus Adrian Kempe in Devils zone.
3:25 of 3rd period - Shot by Cedric Paquette.
3:25 of 3rd period - Shot Hit the Post.
3:45 of 3rd period - Shot by Oliver Bjorkstrand.
3:45 of 3rd period - Stopped by Marc-Andre Fleury with a rebound.
4:37 of 3rd period - Shot by Mathieu Joseph.
4:37 of 3rd period - Shot Misses the Net.
4:44 of 3rd period - Icing by Cedric Paquette.
4:45 of 3rd period - Nicklas Backstrom wins face-off versus Adrian Kempe in Penguins zone.
4:58 of 3rd period - Shot by Josh Bailey.
4:58 of 3rd period - Shot Misses the Net.
5:00 of 3rd period - Shot by Nathan Beaulieu.
5:00 of 3rd period - Stopped by Connor Hellebuyck with a rebound.
5:08 of 3rd period - Shot by Nicklas Backstrom.
5:08 of 3rd period - Deflect By Chris Kreider.
5:08 of 3rd period - Shot Misses the Net.
5:10 of 3rd period - Shot by Damon Severson.
5:10 of 3rd period - Stopped by Connor Hellebuyck with a rebound.
5:12 of 3rd period - Shot by Damon Severson.
5:12 of 3rd period - Stopped by Connor Hellebuyck without a rebound.
5:13 of 3rd period - Pierre-Luc Dubois wins face-off versus Sam Reinhart in Penguins zone.
5:45 of 3rd period - Shot by Max Domi.
5:45 of 3rd period - Shot Hit the Post.
5:47 of 3rd period - Shot by Drew Doughty.
5:47 of 3rd period - Stopped by Marc-Andre Fleury without a rebound.
5:48 of 3rd period - Clayton Keller wins face-off versus Nicklas Backstrom in Devils zone.
5:48 of 3rd period - Shea Weber is hit by Nathan Beaulieu and loses puck.
6:01 of 3rd period - Shot by Chris Kreider.
6:01 of 3rd period - Shot Misses the Net.
6:03 of 3rd period - Shot by Damon Severson.
6:03 of 3rd period - Goal by Damon Severson - Penguins : 1 - Devils : 2.
6:04 of 3rd period - Aleksi Saarela wins face-off versus Tyler Bozak in neutral zone.
6:13 of 3rd period - Shot by Martin Frk.
6:13 of 3rd period - Stopped by Marc-Andre Fleury without a rebound.
6:14 of 3rd period - Nicklas Backstrom wins face-off versus Pierre-Luc Dubois in Devils zone.
6:27 of 3rd period - Shot by Chris Kreider.
6:27 of 3rd period - Shot Misses the Net.
7:04 of 3rd period - Off-side.
7:05 of 3rd period - Tyler Bozak wins face-off versus Clayton Keller in neutral zone.
7:17 of 3rd period - Icing by Shea Weber.
7:18 of 3rd period - Clayton Keller wins face-off versus Sam Reinhart in Penguins zone.
7:18 of 3rd period - Clayton Keller is hit by Sam Reinhart.
7:25 of 3rd period - Off-side.
7:26 of 3rd period - Tyler Bozak wins face-off versus Aleksi Saarela in neutral zone.
7:45 of 3rd period - Shot by Tyler Bozak.
7:45 of 3rd period - Shot Blocked by Drew Doughty.
7:46 of 3rd period - Minor Penalty to Shea Weber for Hooking.
7:47 of 3rd period - Max Domi wins face-off versus Nicklas Backstrom in Penguins zone.
9:12 of 3rd period - Off-side.
9:13 of 3rd period - Nicklas Backstrom wins face-off versus Max Domi in neutral zone.
9:51 of 3rd period - Icing by Drew Doughty.
9:52 of 3rd period - Brian Boyle wins face-off versus Clayton Keller in Penguins zone.
10:38 of 3rd period - Shot by Julien Gauthier.
10:38 of 3rd period - Stopped by Marc-Andre Fleury without a rebound.
10:39 of 3rd period - David Perron wins face-off versus Sam Reinhart in Devils zone.
10:52 of 3rd period - Shot by Max Domi.
10:52 of 3rd period - Shot Misses the Net.
10:58 of 3rd period - Shot by Pierre-Luc Dubois.
10:58 of 3rd period - Deflect By David Perron.
10:58 of 3rd period - Shot Blocked by Justin Schultz.
11:00 of 3rd period - Shot by Brent Seabrook.
11:00 of 3rd period - Stopped by Marc-Andre Fleury without a rebound.
11:01 of 3rd period - Nicklas Backstrom wins face-off versus Adrian Kempe in Devils zone.
11:55 of 3rd period - Shot by Pierre-Luc Dubois.
11:55 of 3rd period - Stopped by Marc-Andre Fleury with a rebound.
11:57 of 3rd period - Shot by Drew Doughty.
11:57 of 3rd period - Stopped by Marc-Andre Fleury without a rebound.
11:58 of 3rd period - Alexander Nylander wins face-off versus Sam Reinhart in Devils zone.
12:08 of 3rd period - Off-side.
12:09 of 3rd period - Pierre-Luc Dubois wins face-off versus Tyler Bozak in neutral zone.
12:20 of 3rd period - Shot by T.J. Oshie.
12:20 of 3rd period - Stopped by Connor Hellebuyck without a rebound.
12:21 of 3rd period - Sam Reinhart wins face-off versus Clayton Keller in Penguins zone.
12:25 of 3rd period - Icing by Mark Giordano.
12:26 of 3rd period - Clayton Keller wins face-off versus Tyler Bozak in Penguins zone.
13:01 of 3rd period - Pavel Zacha is hit by Oskar Lindblom.
13:41 of 3rd period - Shot by Max Domi.
13:41 of 3rd period - Shot Misses the Net.
14:06 of 3rd period - Shot by David Perron.
14:06 of 3rd period - Stopped by Marc-Andre Fleury without a rebound.
14:07 of 3rd period - Oliver Bjorkstrand wins face-off versus Brian Boyle in Devils zone.
14:18 of 3rd period - Shot by Adrian Kempe.
14:18 of 3rd period - Shot Blocked by Niklas Hjalmarsson.
14:20 of 3rd period - Shot by Mark Giordano.
14:20 of 3rd period - Stopped by Marc-Andre Fleury without a rebound.
14:21 of 3rd period - Aleksi Saarela wins face-off versus Nicklas Backstrom in Devils zone.
15:12 of 3rd period - Shot by Travis Konecny.
15:12 of 3rd period - Stopped by Connor Hellebuyck without a rebound.
15:13 of 3rd period - Sam Reinhart wins face-off versus Adrian Kempe in Penguins zone.
16:00 of 3rd period - Icing by Marcus Pettersson.
16:01 of 3rd period - Adrian Kempe wins face-off versus Tyler Bozak in Penguins zone.
16:17 of 3rd period - Icing by Brent Seabrook.
16:18 of 3rd period - Chris Kreider wins face-off versus Adrian Kempe in Penguins zone.
16:37 of 3rd period - Shot by Chris Kreider.
16:37 of 3rd period - Stopped by Connor Hellebuyck with a rebound.
16:46 of 3rd period - Minor Penalty to Marcus Pettersson for Tripping.
16:47 of 3rd period - Pavel Zacha wins face-off versus Pierre-Luc Dubois in Penguins zone.
16:56 of 3rd period - Shot by T.J. Oshie.
16:56 of 3rd period - Shot Misses the Net.
17:33 of 3rd period - Shot by Sam Reinhart.
17:33 of 3rd period - Shot Misses the Net.
17:35 of 3rd period - Shot by Mikhail Sergachev.
17:35 of 3rd period - Stopped by Connor Hellebuyck without a rebound.
17:36 of 3rd period - Pierre-Luc Dubois wins face-off versus Nicklas Backstrom in Penguins zone.
17:36 of 3rd period - Pierre-Luc Dubois is hit by Chris Kreider.
18:16 of 3rd period - Shot by Nicklas Backstrom.
18:16 of 3rd period - Stopped by Connor Hellebuyck without a rebound.
18:17 of 3rd period - Pavel Zacha wins face-off versus David Perron in Penguins zone.
18:52 of 3rd period - Icing by Mathieu Joseph.
18:53 of 3rd period - Brian Boyle wins face-off versus Julien Gauthier in Devils zone.
19:46 of 3rd period - Penguins, Connor Hellebuyck is pulled from the net.
Goals for this period are 0 for Penguins vs 1 for Devils.
Shots for this period are 14 for Penguins vs 9 for Devils.